 Dungeon Crawl Stone Soup version 0.31.0-32-g396128a36d (webtiles) character file.

Game seed: 707430307479379176

224 Atyminus the Firebug (level 5, 0/36 HPs)
             Began as a Demonspawn Fire Elementalist on Mar 22, 2024.
             Was a Priest of Makhleb.
             Slain by a bullfrog (6 damage)
             ... in a sewer.
             The game lasted 00:12:51 (3269 turns).

Atyminus the Firebug (Demonspawn Fire Elementalist) Turns: 3269, Time: 00:12:52

Health: 0/36       AC:  2    Str: 10    XL:     5   Next: 67%
Magic:  6/9        EV: 12    Int: 15    God:    Makhleb [***...]
Gold:   256        SH:  0    Dex: 14    Spells: 3/9 levels left

rFire   . . .        e - +4 short sword (drain)
rCold   . . .        (no shield)
rNeg    . . .        a - +0 robe
rPois   .            (no helmet)
rElec   .            (no cloak)
rCorr   .            (no gloves)
SInv    .            (no boots)
Will    .....        (no amulet)
Stlth   +            h - ring of wizardry
HPRegen 0.26/turn    (no ring)
MPRegen 0.11/turn

%: wizardry (x1)
@: very slow
A: hooves 2
a: Renounce Religion, Minor Destruction, Lesser Servant of Makhleb


You were in a sewer.
You worshipped Makhleb.
Makhleb was most pleased with you.
You visited 1 branch of the dungeon, and saw 4 of its levels.
You also visited: Sewer.

You collected 256 gold pieces.

Inventory:

Hand Weapons
 e - a +4 short sword of draining (weapon)
Missiles
 i - 2 throwing nets (quivered)
Armour
 a - a +0 robe (worn)
Jewellery
 h - a ring of wizardry (left hand)
Scrolls
 d - 3 scrolls of poison
 g - 2 scrolls of teleportation
 l - 2 scrolls of fog
Potions
 c - a potion of enlightenment
 f - 2 potions of haste
 j - a potion of mutation {unknown}
 k - a potion of heal wounds {unknown}
 m - a potion of attraction {unknown}


   Skills:
 * Level 0.9 Fighting
 * Level 1.0 Short Blades
 * Level 1.5 Throwing
 * Level 1.1 Armour
 * Level 2.1 Dodging
 * Level 2.4 Stealth
 * Level 2.8 Spellcasting
 * Level 1.8 Conjurations
 * Level 0.8 Hexes
 * Level 3.4 Fire Magic
 * Level 1.1 Invocations


You had 3 spell levels left.
You knew the following spells:

 Your Spells              Type           Power      Damage    Failure   Level
a - Foxfire               Conj/Fire      40%        2x1d6     2%          1
b - Scorch                Fire           24%        2d6       3%          2
c - Inner Flame           Hex/Fire       8%         N/A       11%         3

Your spell library contained the following spells:

 Spells                   Type           Power      Damage    Failure   Level
 Volatile Blastmotes      Fire/Tloc      14%        2d11      12%         3
 Flame Wave               Conj/Fire      10%        2d6       26%         4
 Ignite Poison            Fire/Alch      7%         N/A       36%         4
 Sticky Flame             Fire/Alch      7%         2d4       36%         4
 Ignition                 Fire           6%         3d4       100%        8


Dungeon Overview and Level Annotations

Branches:
Dungeon (4/15)              Sewer (1/1)
 Temple: D:4-7

Altars:
Makhleb

Shops:
D:3 !


Innate Abilities, Weirdness & Mutations

You have hoof-like feet.


Message History

A ball python and an endoplasm come into view.
The endoplasm quivers.
Why would you want to do that? 2 bullfrogs come into view.
The ball python hisses angrily.
The bullfrog croaks.
The ball python misses you. The ball python barely misses you.
The bullfrog attacks as it pursues you!
The bullfrog hits you but does no damage.
The bullfrog barely misses you.
The ball python attacks as it pursues you!
The ball python bites you. The ball python grabs you.
The ball python constricts you. The bullfrog closely misses you.
The ball python bites you. The ball python constricts you.
Casting: Foxfire (safe; 2% risk of failure)
Confirm with . or Enter, or press ? or * to list all spells.
You conjure some foxfire!
The bullfrog hits you.
The bullfrog hits you but does no damage.
The ball python bites you. The ball python constricts you.
The bullfrog hits you.
Unknown command.
Your unstable footing causes you to fumble your attack.
The foxfire hits the ball python.
The ball python is heavily wounded.
The foxfire hits the ball python.
You kill the ball python!
Makhleb accepts your kill.
You feel better. The bullfrog closely misses you. The bullfrog hits you.
The bullfrog barely misses you.
Unknown command.
You feel better. The bullfrog hits you. The bullfrog closely misses you.
The bullfrog barely misses you.
Casting: Foxfire (safe; 2% risk of failure)
Confirm with . or Enter, or press ? or * to list all spells.
Flames lash the endoplasm.
The endoplasm is heavily wounded.
The endoplasm's fire resistance burns away.
The bullfrog hits you!
* * * LOW HITPOINT WARNING * * *
The bullfrog hits you.
You die...

#######################
##..≈≈≈≈≈≈≈≈≈≈≈≈≈≈≈#...##
....≈≈≈≈≈#~.†~≈≈≈≈≈~....#
...~≈≈≈~~~≈≈≈≈~~≈FJ~....#
....~~~~≈≈≈≈≈≈≈~@F≈.....#
....≈≈≈≈≈≈≈≈≈≈≈≈≈§≈.....#
...#≈≈≈≈≈≈≈≈≈≈≈≈≈≈≈#...##
..################## #+#
.## .# .+ ## .##


You could see 2 bullfrogs and an endoplasm (combustible).

Vanquished Creatures
  An orc priest (D:3)
  Natasha (D:4)
  An orc wizard (D:3)
  4 adders (Sewer)
  A river rat (Sewer)
  2 ribbon worms
  A dart slug (D:1)
  7 orcs (D:3)
  12 ball pythons
  5 endoplasms
  3 giant cockroaches
  3 goblins
  4 hobgoblins
  6 jackals (D:3)
  6 kobolds
  2 quokkas (D:1)
  6 bats (D:1)
  8 frilled lizards
  21 rats
94 creatures vanquished.

Vanquished Creatures (others)
  81 foxfires
81 creatures vanquished.

Grand Total: 175 creatures vanquished

Notes
Turn   | Place    | Note
-------+----------+-------------------------------------------
     0 | D:1      | Atyminus the Demonspawn Fire Elementalist began the quest
                  | for the Orb.
     0 | D:1      | Reached XP level 1. HP: 13/13 MP: 3/3
   270 | D:1      | Gained mutation: You have large cloven feet. [demonic
                  | ancestry]
   270 | D:1      | Reached XP level 2. HP: 15/19 MP: 0/5
   273 | D:1      | Learned a level 2 spell: Scorch
   353 | D:1      | Found a faded altar of an unknown god.
   362 | D:1      | Reached skill level 3 in Fire Magic
   387 | D:1      | Prayed at the altar of an unknown god.
   387 | D:1      | Became a worshipper of Makhleb the Destroyer
   387 | D:1      | Reached * piety under Makhleb
  1163 | D:1      | Gained mutation: You have hoof-like feet. [demonic
                  | ancestry]
  1163 | D:1      | Reached XP level 3. HP: 25/25 MP: 3/6
  1522 | D:1      | Learned a level 3 spell: Inner Flame
  2510 | D:4      | Noticed Natasha
  2516 | D:4      | Killed Natasha
  2516 | D:4      | Reached ** piety under Makhleb
  2517 | D:4      | Reached skill level 1 in Throwing
  2517 | D:4      | Reached XP level 4. HP: 13/31 MP: 0/7
  2692 | D:3      | Found Taxaj's Distillery.
  2752 | D:3      | Reached XP level 5. HP: 26/36 MP: 1/8
  2917 | D:3      | Found a glowing drain.
  2922 | Sewer    | Entered a sewer
  2946 | Sewer    | Reached skill level 1 in Armour
  3013 | Sewer    | Reached skill level 1 in Invocations
  3108 | Sewer    | Reached *** piety under Makhleb
  3146 | Sewer    | Reached skill level 1 in Short Blades
  3269 | Sewer    | Slain by a bullfrog

Illustrated notes

Levels and vault maps discovered:
D:1:      dpeg_chamrin_arrival_tetris, layout_basic, basic_ecumenical_altar,
          nicolae_concentric_dashed_squares_mild, minmay_quantized
D:2:      layout_basic, grunt_decor_fettered
D:3:      layout_rooms, mainiacjoe_sewer_entry_somewhere_in_here_1,
          serial_shops, nicolae_shop_tiny_glass
D:4:      layout_loops_ring, nicolae_overflow_hidden_temple, st_stairs_13,
          uniq_grinder, uniq_natasha
Sewer:    sewer_minmay_w

Skill      XL: |  1  2  3  4  5 |
---------------+----------------+-----
Fire Magic     | 3 |  3.4
Stealth        | 2 |  2.4
Throwing       | 1 |  1.5
Dodging        | 2 |  2.1
Armour         | 1 |  1.1
Invocations    | 1 |  1.1
Short Blades   | 1 |  1.0
Fighting       | |  0.9
Spellcasting   | |  2.8
Conjurations   | |  1.8
Hexes          | |  0.8

Action                     |  1- 3 |  4- 6 || total
---------------------------+-------+-------++-------
  Melee: Unarmed           |     1 |       ||     1
         Short sword       |     8 |    65 ||    73
         Kick              |     2 |     9 ||    11
  Throw: Throwing net      |     1 |       ||     1
   Cast: Foxfire           |    22 |    24 ||    46
         Scorch            |    24 |    12 ||    36
         Inner Flame       |     1 |       ||     1
    Use: Scroll            |     9 |     1 ||    10
         Potion            |     2 |     4 ||     6
   Stab: Sleeping          |     2 |       ||     2
         Distracted        |       |     1 ||     1
 Armour: Robe              |    49 |    67 ||   116
  Dodge: Dodged            |    71 |    64 ||   135
